 Dungeon Crawl Stone Soup version 0.19.5 (webtiles) character file.

73 miragecloak the Changer (level 4, 0/28 HPs)
             Began as an Octopode Transmuter on May 16, 2017.
             Slain by a hound (2 damage)
             ... on level 3 of the Dungeon.
             The game lasted 00:00:59 (1129 turns).

miragecloak the Changer (Octopode Transmuter)       Turns: 1129, Time: 00:01:00

Health: 0/28       AC:  1    Str:  9    XL:     4   Next: 27%
Magic:  4/7        EV: 13    Int: 15    God:
Gold:   62         SH:  0    Dex: 13    Spells: 2 memorised, 3 levels left

rFire  . . .     SeeInvis .       - Unarmed
rCold  . . .     Gourm    .     (no shield)
rNeg   . . .     Faith    .     (helmet restricted)
rPois  .         Spirit   .     (no amulet)
rElec  .         Reflect  .     (no ring)
rCorr  .         Harm     .     (no ring)
MR     .....                    (no ring)
Stlth  ++........               (no ring)
                                (no ring)
                                (no ring)
                                (no ring)
                                (no ring)

@: no status effects
A: almost no armour, stealthy swim, amphibious, 8 rings, constrict 8, camouflage
1, gelatinous body 1
a: no special abilities


You were on level 3 of the Dungeon.
You were not hungry.

You visited 1 branch of the dungeon, and saw 3 of its levels.

You collected 62 gold pieces.

Inventory:

Missiles
 a - 12 arrows
Scrolls
 e - 2 scrolls of identify {unknown}
 f - 3 scrolls of remove curse {unknown}
 h - 2 scrolls of blinking {unknown}
 l - a scroll of immolation {unknown}
Potions
 d - a potion of curing {unknown}
 i - a potion of mutation {unknown}
 j - a potion of resistance {unknown}
Books
 b - a book of Changes

   Spells                             Type                      Level
   a - Beastly Appendage              Transmutation                1
   b - Sticks to Snakes               Transmutation                2
   c - Spider Form                    Transmutation/Poison         3
   d - Ice Form                       Ice/Transmutation            4
   e - Blade Hands                    Transmutation                5
Comestibles
 c - a bread ration
 g - a slice of pizza
 k - a beef jerky
 m - a chunk of flesh


   Skills:
 - Level 1.0 Fighting
 - Level 2.0 Dodging
 - Level 3.0 Unarmed Combat
 - Level 2.0 Spellcasting
 * Level 4.1 Transmutations
 + Level 1.3 Poison Magic


You had 3 spell levels left.
You knew the following spells:

 Your Spells              Type           Power        Failure   Level  Hunger
a - Beastly Appendage     Tmut           ##....       4%          1    #......
b - Spider Form           Tmut/Pois      #.........   24%         3    ###....


Dungeon Overview and Level Annotations

Branches:
Dungeon (3/15)

Altars:


Innate Abilities, Weirdness & Mutations

You cannot wear most types of armour.
You are very stealthy in the water. (Stealth+)
You are amphibious.
You can wear up to eight rings at the same time.
You can use your tentacles to constrict eight enemies at once.
Your skin changes colour to match your surroundings (Stealth+).
Your rubbery body absorbs attacks. (AC +1, EV +1)


Message History

You hit the hound.
The hound is moderately wounded.
The hound misses you. The hound completely misses you.
You hit the hound but do no damage.
The hound is poisoned.
The hound is lightly wounded.
The hound closely misses you.
You barely miss the hound.
The hound is moderately wounded.
The hound bites you but does no damage.
You barely miss the hound.
The hound is moderately wounded.
Your transformation has ended.
The hound bites you.
* * * LOW HITPOINT WARNING * * *
The hound closely misses you. The hound bites you.
* * * LOW HITPOINT WARNING * * *
The hound barely misses you.
The hound looks more healthy.
The hound bites you.
You die...

#.
#.##........#
#. #....8...#
#...8.8..#
#..8._.8.#
#...8.8..##
#....8....#
#.##.........#
.............#
........@....#
...#...h....#
............#
#####...#####
#.. #...#
#...#P..#
#...)...#
#+#+#P.## #..#


You could see a hound.

Vanquished Creatures
  A hound (D:3)
  An adder (D:3)
  A gnoll (D:3)
  2 dart slugs
  2 giant cockroaches
  2 goblins (D:1)
  4 kobolds
  A quokka (D:2)
  A ball python (D:2)
  2 bats
  3 frilled lizards
  4 rats (D:1)
24 creatures vanquished.

Notes
Turn   | Place    | Note
-------+----------+-------------------------------------------
     0 | D:1      | miragecloak the Octopode Transmuter began the quest for the Orb.
     0 | D:1      | Reached XP level 1. HP: 13/13 MP: 3/3
   344 | D:1      | Reached XP level 2. HP: 16/18 MP: 3/5
   477 | D:1      | Reached skill level 3 in Transmutations
  1058 | D:3      | Reached XP level 3. HP: 23/23 MP: 4/6
  1077 | D:3      | Learned a level 3 spell: Spider Form
  1096 | D:3      | Found a faded altar of an unknown god.
  1115 | D:3      | Reached skill level 4 in Transmutations
  1115 | D:3      | Reached skill level 1 in Poison Magic
  1115 | D:3      | Reached XP level 4. HP: 25/28 MP: 3/7
  1125 | D:3      | HP: 1/28 [hound (2)]
  1129 | D:3      | Slain by a hound

Skill      XL: |  1  2  3 |
---------------+----------+-----
Transmutations | 3 4 |  4.1
Poison Magic   | 1 |  1.3
Fighting       | |  1.0
Dodging        | |  2.0
Unarmed Combat | |  3.0
Spellcasting   | |  2.0

Action                   |  1- 3 |  4- 6 || total
-------------------------+-------+-------++-------
Melee: Unarmed           |    49 |     8 ||    57
       Kick              |     9 |       ||     9
       Constrict         |    15 |       ||    15
       Tentacles         |    10 |       ||    10
 Cast: Beastly Appendage |    20 |       ||    20
       Spider Form       |     1 |       ||     1
 Stab: Sleeping          |     4 |       ||     4
  Eat: Chunk             |     1 |       ||     1
Armor: Skin              |     2 |     1 ||     3
Dodge: Dodged            |    24 |     6 ||    30
